 Dungeon Crawl Stone Soup version 0.23-a0-554-gd3cbc84 (webtiles) character file.

1925872 MisterFreud the Axe Maniac (level 27, 273/273 HPs)
             Began as a Hill Orc Monk on Dec 10, 2018.
             Was the Champion of Beogh.
             Escaped with the Orb
             ... and 3 runes!
             The game lasted 03:45:01 (54057 turns).

MisterFreud the Axe Maniac (Hill Orc Monk)         Turns: 54057, Time: 03:45:02

Health: 273/273    AC: 48    Str: 36    XL:     27
Magic:  27/27      EV: 10    Int: 10    God:    Beogh [******]
Gold:   1694       SH: 36    Dex: 15    Spells: 26/26 levels left

rFire    + + .     SeeInvis +   Z - +9 broad axe (vamp)
rCold    + + +     Gourm    .   z - +2 large shield
rNeg     + . .     Faith    .   r - +7 gold dragon scales
rPois    +         Spirit   .   s - +2 hat {SInv}
rElec    .         Reflect  +   e - +2 cloak
rCorr    .         Harm     .   a - +2 pair of gloves {Str+3}
MR       +++..                  n - +2 pair of boots
Stlth    ..........             R - +5 amulet of reflection
HPRegen  0.95/turn              k - ring of Hul Vistree {rF+ rC+ rN+ Str+6}
MPRegen  0.20/turn              f - ring of protection from magic

@: drained
A: walk on water, talons 1, thin skeletal structure 1, cold resistance 2, sense
surroundings 1, regeneration 1
0: Orb of Zot
}: 3/15 runes: serpentine, barnacled, silver
a: Smiting, Recall Orcish Followers, Give Item to Named Follower, Resurrection,
Renounce Religion


You escaped.
You worshipped Beogh.
Beogh was exalted by your worship.
You were hungry.

You visited 9 branches of the dungeon, and saw 48 of its levels.
You also visited: Bailey and Ice Cave.

You collected 6189 gold pieces.
You spent 4495 gold pieces at shops.

Inventory:

Hand Weapons
 Z - a +9 vampiric broad axe (weapon)
Missiles
 y - 7 throwing nets (quivered)
 P - 16 javelins of returning
Armour
 a - a +2 pair of gloves of strength (worn)
 e - a +2 cloak (worn)
 n - a +2 pair of boots (worn)
 r - +7 gold dragon scales (worn)
 s - a +2 hat of see invisible (worn)
 z - a +2 large shield (worn)
Jewellery
 f - a ring of protection from magic (right hand)
 k - the ring of Hul Vistree (left hand) {rF+ rC+ rN+ Str+6}
   (You bought it in a shop on level 1 of the Snake Pit)

   [ring of protection from cold]

   It affects your strength (+6).
   It protects you from fire.
   It protects you from cold.
   It protects you from negative energy.
 l - a +4 ring of evasion
 m - the ring "Diuddit" {rPois rN+}
   (You found it on level 5 of the Realm of Zot)

   [ring of positive energy]

   It protects you from poison.
   It protects you from negative energy.
 w - a +3 ring of slaying
 R - a +5 amulet of reflection (around neck)
Wands
 o - a wand of acid (31)
 p - a wand of digging (2)
 u - a wand of enslavement (4)
 A - a wand of iceblast (82)
 G - a wand of polymorph (8)
 L - a wand of random effects (31)
 M - a wand of disintegration (26)
 T - a wand of paralysis (54)
 W - a wand of clouds (12)
 X - a wand of flame (72)
Scrolls
 g - 3 scrolls of summoning
 t - 16 scrolls of identify
 x - 13 scrolls of teleportation
 B - 3 scrolls of silence
 D - 6 scrolls of fog
 I - 4 scrolls of fear
 J - 16 scrolls of remove curse
 K - 9 scrolls of blinking
 U - 3 scrolls of holy word
Potions
 b - 2 potions of mutation
 d - 30 potions of curing
 h - 2 potions of haste
 i - a potion of cancellation
 j - 4 potions of ambrosia
 q - 8 potions of invisibility
 v - 4 potions of magic
 F - 9 potions of heal wounds
 H - 2 potions of berserk rage
 N - 8 potions of brilliance
 O - 2 potions of resistance
 Q - 4 potions of agility
 Y - 5 potions of flight
Miscellaneous
 S - 5 phantom mirrors
Comestibles
 c - 77 rations


   Skills:
 O Level 27(26.8) Fighting
 O Level 27(26.8) Axes
 O Level 27(26.8) Armour
 - Level 2.4(2.3) Dodging
 - Level 1.5(1.4) Stealth
 + Level 26.4(26.2) Shields
 - Level 4.1(4.0) Invocations
 - Level 6.0(5.9) Evocations


You had 26 spell levels left.
You didn't know any spells.
Your spell library contained the following spells:

 Spells                   Type           Power        Failure   Level  Hunger
 Animate Skeleton         Necr           N/A          83%         1    ##.....
 Apportation              Tloc           #.....       83%         1    ##.....
 Beastly Appendage        Tmut           #.....       83%         1    ##.....
 Confusing Touch          Hex            #.....       83%         1    ##.....
 Corona                   Hex            #......      83%         1    ##.....
 Flame Tongue             Conj/Fire      #....        83%         1    ##.....
 Infusion                 Chrm           #...         83%         1    ##.....
 Magic Dart               Conj           #...         83%         1    ##.....
 Sting                    Conj/Pois      #...         83%         1    ##.....
 Summon Butterflies       Summ           #.......     83%         1    ##.....
 Summon Small Mammal      Summ           #...         83%         1    ##.....
 Call Imp                 Summ           #.......     93%         2    ###....
 Ensorcelled Hibernation  Hex/Ice        #.....       93%         2    ###....
 Poisonous Vapours        Pois/Air       #.....       93%         2    ###....
 Searing Ray              Conj           #.....       93%         2    ###....
 Shroud of Golubria       Chrm/Tloc      #.........   93%         2    ###....
 Slow                     Hex            #.......     93%         2    ###....
 Song of Slaying          Chrm           #.......     93%         2    ###....
 Sticks to Snakes         Tmut           #.......     93%         2    ###....
 Throw Flame              Conj/Fire      #.....       93%         2    ###....
 Call Canine Familiar     Summ           #.......     99%         3    ####...
 Confuse                  Hex            #.......     99%         3    ####...
 Conjure Flame            Conj/Fire      #.......     99%         3    ####...
 Dazzling Spray           Conj/Hex       #.....       99%         3    ####...
 Ignite Poison            Fire/Tmut/Pois #.......     99%         3    ####...
 Inner Flame              Hex/Fire       #.......     99%         3    ####...
 Lesser Beckoning         Tloc           #.........   99%         3    ####...
 Mephitic Cloud           Conj/Pois/Air  #.......     99%         3    ####...
 Portal Projectile        Hex/Tloc       #.....       99%         3    ####...
 Regeneration             Chrm/Necr      #.........   99%         3    ####...
 Spectral Weapon          Hex/Chrm       #.......     99%         3    ####...
 Spider Form              Tmut/Pois      #.........   99%         3    ####...
 Static Discharge         Conj/Air       #.......     99%         3    ####...
 Summon Guardian Golem    Hex/Summ       #.......     99%         3    ####...
 Tukima's Dance           Hex            #.......     99%         3    ####...
 Cause Fear               Hex            #.........   100%        4    #####..
 Force Lance              Conj/Tloc      #.......     100%        4    #####..
 Fulminant Prism          Conj/Hex       #.........   100%        4    #####..
 Ice Form                 Ice/Tmut       #.......     100%        4    #####..
 Iskenderun's Mystic Bla  Conj           #.......     100%        4    #####..
 Leda's Liquefaction      Hex/Erth       #.........   100%        4    #####..
 Olgreb's Toxic Radiance  Pois           #.......     100%        4    #####..
 Sticky Flame             Conj/Fire      #.......     100%        4    #####..
 Summon Ice Beast         Ice/Summ       #.......     100%        4    #####..
 Summon Lightning Spire   Summ/Air       #.......     100%        4    #####..
 Alistair's Intoxication  Tmut/Pois      #.......     100%        5    ######.
 Blade Hands              Tmut           #.........   100%        5    ######.
 Bolt of Magma            Conj/Fire/Erth #.........   100%        5    ######.
 Fireball                 Conj/Fire      #.........   100%        5    ######.
 Iskenderun's Battlesphe  Conj/Chrm      #.......     100%        5    ######.
 Lightning Bolt           Conj/Air       #.........   100%        5    ######.
 Silence                  Hex/Air        #.........   100%        5    ######.
 Summon Mana Viper        Hex/Summ       #.......     100%        5    ######.
 Venom Bolt               Conj/Pois      #.........   100%        5    ######.
 Yara's Violent Unravell  Hex/Tmut       #.........   100%        5    ######.
 Bolt of Fire             Conj/Fire      #.........   100%        6    #######
 Conjure Ball Lightning   Conj/Air       #.........   100%        6    #######
 Deflect Missiles         Chrm/Air       #.........   100%        6    #######
 Invisibility             Hex            #.......     100%        6    #######
 Iron Shot                Conj/Erth      #.........   100%        6    #######
 Poison Arrow             Conj/Pois      #.........   100%        6    #######
 Malign Gateway           Summ/Tloc      #.........   100%        7    #######
 Monstrous Menagerie      Summ           #.........   100%        7    #######
 Orb of Destruction       Conj           #.........   100%        7    #######
 Ring of Flames           Chrm/Fire      #.........   100%        7    #######
 Spellforged Servitor     Conj/Summ      #.........   100%        7    #######
 Summon Greater Demon     Summ           #.........   100%        7    #######
 Summon Hydra             Summ           #.........   100%        7    #######
 Chain Lightning          Conj/Air       #.........   100%        8    #######
 Discord                  Hex            #.........   100%        8    #######
 Ignition                 Fire           #.........   100%        8    #######
 Lehudib's Crystal Spear  Conj/Erth      #.........   100%        8    #######
 Summon Horrible Things   Summ           #.........   100%        8    #######
 Fire Storm               Conj/Fire      #.........   100%        9    #######
 Glaciate                 Conj/Ice       #.........   100%        9    #######
 Shatter                  Erth           #.........   100%        9    #######
 Tornado                  Air            #.........   100%        9    #######


Dungeon Overview and Level Annotations

Branches:
Dungeon (15/15)            Temple (0/1) D:7            Lair (6/6) D:10
 Shoals (4/4) Lair:3        Snake (4/4) Lair:3        Slime (0/5) Lair:5
    Orc (2/2) D:11            Elf (2/3) Orc:2        Vaults (5/5) D:14
  Crypt (0/3) Vaults:2     Depths (5/5) D:15            Zot (5/5) Depths:5

Altars:
Ashenzari
Cheibriados
Dithmenos
Elyvilon
Fedhas
Gozag
Hepliaklqana
Kikubaaqudgha
Makhleb
Okawaru
Qazlal
Sif Muna
Uskayaw
Xom
The Shining One
Jiyva

Shops:
D:5 (   D:8 =   D:9 ?%   D:15 :*[[   Orc:2 [*:*[   Elf:1 (   Elf:2 !
Shoals:2 *   Snake:1 =}=   Snake:4 !   Vaults:2 (   Vaults:4 (   Vaults:5 ????
Depths:1 *=

Portals:
Hell: Depths:1 Depths:2 Depths:3 Depths:4 Depths:5
Abyss: Depths:4
Pandemonium: Orc:2 Depths:2 Depths:3 Depths:4
Ziggurat: Depths:4

Annotations:
Lair:3 exclusion: oklob plant
Vaults:4 3 runed doors
Vaults:5 Saint Roka
Zot:5 exclusion: obsidian statue


Innate Abilities, Weirdness & Mutations

You can walk on water.
You have sharp toenails.
You have a somewhat thin skeletal structure. (Dex +2, Stealth)
Your flesh is very cold resistant. (rC++)
You passively map a small area around you.
Your natural rate of healing is unusually fast.


Message History

HP restored.
You climb upwards.
There is a stone staircase leading down here.
A sun demon comes into view.
You see here a +0 club.
The sun demon shouts!
There is a stone staircase leading up, spattered with blood here.
You climb upwards.
There is a stone staircase leading down here.
There is an escape hatch in the ceiling here.
A mysterious force pulls you upwards. The hatch slams shut behind you.
Unknown command.
Evoke which item? (* to show all) (? for menu, Esc to quit)
Aiming: Dig
Press: ? - help, Shift-Dir - straight line A rock wall.
This square is covered in magical glow.
The rock shatters into small pieces.
There is a staircase leading out of the dungeon here.
You have escaped!

....#.###........#####.#.........
.......#.........)...#.#.....####
......##.###...#.###.#.##.#....#
..............##.# #.#[##.#.##.#
.........####....# #.#.####....##
.....##### ###### #...........#.
...#.###############.#.###.#...#.
####.)........'...##.#...#.#.###.
############.@.##.###.#.#.###.
########.................###
#.......#######.#..#........ ##
#.......#######.#........### .#
#.8.⌠.8.#.......##.......### .##
#.......#..>....##..#....... ..#
#.......#.......##..######..
..#####'###'########........# #..
..#.###.....# ########.# #..


There were no monsters in sight!

Vanquished Creatures
  2 pandemonium lords
  4 orbs of fire (Zot:5)
  6 ancient liches (Zot:5)
  A juggernaut (Depths:4)
  Boris (Depths:4)
  3 Killer Klowns
  Margery (Vaults:2)
  2 curse toes
  6 golden dragons
  Jory (Depths:5)
  the Enchantress (Depths:4)
  A Hell Sentinel (Zot:4)
  The ghost of Meogodd the Martial Artist, an adept GnTm of Cheibriados (Shoals:3)
  An electric golem (Zot:5)
  9 tentacled monstrosities
  23 Orb Guardians
  Rupert (Lair:5)
  2 liches
  5 krakens
  10 quicksilver dragons
  5 titans
  2 sphinxes
  Gastronok (D:10)
  The ghost of Inuluch the Phalangite, an adept MfBe of Trog (Shoals:2)
  8 death cobs
  14 storm dragons
  6 draconian monks
  6 tengu reavers
  4 nagarajas
  8 shadow dragons
  10 frost giants
  9 vault wardens
  7 fire giants
  5 draconian knights
  2 deep elf sorcerers
  A ghost moth (Zot:1)
  7 draconian scorchers
  A deep elf elementalist (Vaults:5)
  11 draconian shifters
  The ghost of Rijenev the Severer, a journeyman MiFi of Okawaru (Shoals:3)
  A balrug (Zot:4)
  5 draconian stormcallers
  The ghost of Lisos the Eclecticist, an adept DEWz of Sif Muna (Shoals:3)
  The ghost of Seukawalui the Eclecticist, an adept DEWz of Sif Muna (Shoals:3)
  10 ironheart preservers
  4 war gargoyles (Vaults:5)
  7 draconian annihilators
  3 spriggan defenders (Depths:4)
  13 very ugly things
  8 green draconians
  15 stone giants
  3 vampire knights (Depths:4)
  8 black draconians
  A deep elf demonologist (Vaults:2)
  A lorocyproca (Depths:2)
  Azrael (D:14)
  2 deep elf annihilators
  17 purple draconians
  5 spark wasps
  4 red draconians
  9 white draconians
  An eidolon (Vaults:2)
  7 yellow draconians
  3 large abominations (Vaults:5)
  2 merfolk javelineers (Shoals:4)
  2 deep elf death magi
  11 ettins
  A blizzard demon (Depths:1)
  8 merfolk impalers
  6 jiangshi
  A crystal guardian (Vaults:5)
  5 fire dragons
  2 deep elf high priests (Vaults:5)
  2 great orbs of eyes
  23 vault guards
  2 hydras
  Fannar (Orc:1)
  5 naga warriors
  A catoblepas (Shoals:2)
  13 yaktaur captains
  4 ice dragons
  A rakshasa (Vaults:3)
  2 monstrous demonspawn (Zot:4)
  4 merfolk avatars
  4 spriggan air magi
  7 centaur warriors
  An anaconda (Snake:3)
  30 two-headed ogres
  A satyr (shapeshifter) (Vaults:5)
  3 satyrs
  A merfolk aquamancer (Shoals:3)
  7 deep troll shamans
  A two-headed ogre (shapeshifter) (Vaults:5)
  A death knight (Vaults:2)
  10 ogre magi
  4 death yaks
  16 dancing weapons
  4 shock serpents (Snake:4)
  4 deep troll earth magi
  6 naga sharpshooters
  3 tengu warriors
  2 hell hogs (Depths:3)
  2 sun demons (Zot:4)
  5 spriggan berserkers
  3 orc high priests
  9 vampire magi
  20 deep elf knights
  4 hell knights
  2 shadow wraiths (Vaults:2)
  2 salamander mystics (Snake:3)
  A sixfirhy (Depths:1)
  20 deep trolls
  A golden dragon zombie (Depths:1)
  4 iron trolls
  10 sea snakes
  A torturous demonspawn (Depths:1)
  A kraken simulacrum (Shoals:4)
  2 unseen horrors (Vaults:1)
  A glowing orange brain (Depths:4)
  An infernal demonspawn (Depths:1)
  2 flayed ghosts
  2 phantasmal warriors (Vaults:5)
  A wizard (D:14)
  A swamp dragon (Lair:6)
  10 ironbrand convokers
  A lindwurm (shapeshifter) (Vaults:5)
  7 necromancers
  13 deep elf archers
  16 harpies
  3 orc knights (Vaults:5)
  A frost giant zombie (Depths:1)
  9 manticores
  6 fauns
  7 cyclopes
  A wolf spider (Vaults:1)
  2 mana vipers
  A salamander (shapeshifter) (Depths:2)
  3 orc sorcerers
  A tengu skeleton (Vaults:4)
  A wolf spider (shapeshifter) (Vaults:2)
  45 deep elf magi
  13 moths of wrath
  8 salamanders
  29 ugly things
  7 vault sentinels
  8 merfolk sirens
  17 naga magi
  7 water nymphs
  2 rust devils
  2 ice statues (IceCv)
  A torpor snail (Lair:6)
  18 black mambas
  4 elephants (Lair:6)
  An eye of devastation (shapeshifter) (Vaults:5)
  An orange demon (Depths:1)
  A smoke demon (Orc:2)
  7 spiny frogs
  A torpor snail (shapeshifter) (Vaults:3)
  2 centaur skeletons
  A rime drake (Lair:6)
  29 yaktaurs
  A freezing wraith (Vaults:2)
  A rime drake (shapeshifter) (Vaults:2)
  10 ice devils
  An elf zombie (Depths:1)
  9 komodo dragons
  A hellwing (Zot:4)
  The ghost of RoseArtemis the Ruffian, an amateur TrMo of Ru (D:5)
  4 tengu conjurers
  A jumping spider (shapeshifter) (Depths:3)
  A spriggan skeleton (Depths:1)
  2 trolls
  7 hornets
  3 wind drakes
  18 merfolk
  2 queen bees (shapeshifter)
  2 blink frogs (shapeshifter)
  5 hippogriffs
  36 slime creatures
  5 snapping turtles (Shoals:4)
  2 blink frogs
  5 dream sheep
  A human simulacrum (Vaults:1)
  2 spriggans
  A fire giant simulacrum (Vaults:1)
  Sigmund (D:3)
  A tarantella (shapeshifter) (D:14)
  3 air elementals
  2 shadows
  A yak (shapeshifter) (Depths:2)
  A vampire (D:12)
  2 ynoxinuls
  3 wyverns
  2 spriggans (shapeshifter)
  11 water elementals
  A hungry ghost (D:9)
  22 yaks
  A fire bat (shapeshifter) (Vaults:1)
  A basilisk (shapeshifter) (Vaults:3)
  A fire bat (Lair:6)
  A hog (shapeshifter) (Vaults:1)
  2 basilisks
  6 fire elementals
  3 vampire mosquitoes (D:14)
  3 neqoxecs
  7 humans (D:14)
  2 steam dragons (Lair:6)
  A chaos spawn (Orc:2)
  3 wargs
  38 nagas
  7 porcupines
  10 hell hounds
  8 water moccasins
  2 swamp drakes
  14 orc warriors
  An eye of draining (D:14)
  A black bear (D:10)
  2 eyes of draining (shapeshifter)
  5 ice beasts
  4 phantoms
  3 sky beasts
  26 ogres
  5 wolves
  8 boggarts
  A tengu (shapeshifter) (Vaults:2)
  10 centaurs
  8 crocodiles
  4 big kobolds
  19 bullfrogs
  2 earth elementals (Elf:1)
  A scorpion (D:10)
  2 killer bees (D:10)
  4 electric eels
  12 wights
  2 howler monkeys (D:8)
  7 crimson imps
  3 centaur zombies
  A bullfrog zombie (D:6)
  A quasit (D:9)
  4 draconian simulacra (IceCv)
  11 hounds
  4 jellies
  4 orc priests
  2 bullfrog skeletons
  11 iguanas
  9 worker ants
  Ijyb (D:3)
  7 orc wizards
  A troll simulacrum (IceCv)
  4 centaur simulacra
  A river rat (D:5)
  21 adders
  2 ogre simulacra (IceCv)
  7 shadow imps
  An adder zombie (D:8)
  2 adder skeletons
  10 worms
  A dart slug (D:2)
  10 leopard geckos
  24 orcs
  3 bats
  5 giant cockroaches
  10 goblins
  6 hobgoblins
  17 jackals
  32 kobolds
  5 quokkas
  3 frilled lizards (D:2)
  2 jackal skeletons
  A leopard gecko zombie (D:7)
  A quokka zombie (D:9)
  4 rats
  2 crawling corpses (Vaults:5)
  3 fungi (Lair:6)
  10 plants
  18 tentacles
1574 creatures vanquished.

Vanquished Creatures (collateral kills)
  2 ancient liches
  Mara (Vaults:4)
  Sojobo (Vaults:4)
  Vashnia (Snake:2)
  A Killer Klown (Zot:5)
  2 curse toes
  A caustic shrike (Depths:4)
  2 golden dragons
  An electric golem (Zot:5)
  3 tentacled monstrosities
  5 Orb Guardians (Zot:5)
  A lich (Vaults:3)
  A deep elf blademaster (Elf:2)
  2 quicksilver dragons (Zot:3)
  Polyphemus (Shoals:2)
  3 titans (Vaults:5)
  2 sphinxes
  4 death cobs
  7 tengu reavers
  5 nagarajas
  6 storm dragons
  4 shadow dragons
  2 draconian monks
  A draconian scorcher (Zot:5)
  5 frost giants
  6 fire giants
  Ilsuiw (Shoals:2)
  2 draconian knights
  3 vault wardens
  Louise (Snake:2)
  A deep elf elementalist (Depths:3)
  6 draconian annihilators
  3 draconian stormcallers
  3 war gargoyles (Vaults:5)
  2 draconian shifters
  A spriggan defender (Depths:4)
  5 ironheart preservers
  A large abomination (Vaults:5)
  8 very ugly things
  A vampire knight (Vaults:2)
  7 stone giants
  5 green draconians
  A deep elf annihilator (Vaults:2)
  4 black draconians
  4 yellow draconians
  6 purple draconians
  A white draconian (Zot:4)
  5 red draconians
  5 spark wasps
  2 merfolk impalers (Shoals:2)
  5 ettins
  A merfolk javelineer (Shoals:4)
  3 fire dragons
  Harold (D:11)
  4 jiangshi
  Erolcha (D:10)
  2 great orbs of eyes
  12 vault guards (Vaults:5)
  7 yaktaur captains
  11 naga warriors
  7 hydras
  4 anacondas
  3 ice dragons
  A rakshasa (Depths:3)
  7 ogre magi
  3 merfolk aquamancers
  3 merfolk avatars
  A satyr (Shoals:2)
  8 two-headed ogres
  4 centaur warriors
  An anaconda (shapeshifter) (Vaults:5)
  6 deep troll shamans (Depths:1)
  9 dancing weapons (Elf:2)
  8 death yaks
  2 alligator snapping turtles
  2 vampire magi
  15 naga sharpshooters
  A hell hog (Depths:3)
  3 shock serpents (Snake:4)
  A spriggan berserker (Depths:4)
  3 deep troll earth magi
  2 tengu warriors (Depths:1)
  Urug (Lair:2)
  An orc high priest (Orc:2)
  3 deep elf knights (Elf:2)
  2 hell knights
  5 iron trolls (Depths:1)
  4 salamander mystics
  Nergalle (D:10)
  10 deep trolls
  A wizard (Depths:4)
  A gelid demonspawn (Depths:2)
  3 sea snakes
  A torturous demonspawn (Orc:2)
  A glowing orange brain (Vaults:1)
  An infernal demonspawn (Orc:2)
  6 ironbrand convokers
  A naga ritualist (Snake:3)
  3 flayed ghosts
  2 lindwurms
  4 deep elf archers
  A necromancer (Depths:1)
  3 phantasmal warriors
  3 orc knights
  11 deep elf magi
  6 orc sorcerers
  9 harpies
  3 cyclopes
  A stone giant zombie (Vaults:4)
  2 mana vipers
  A manticore (Shoals:3)
  A fire giant zombie (Depths:1)
  10 ugly things
  2 fauns
  5 salamanders
  2 moths of wrath
  9 elephants (Lair:6)
  5 vault sentinels
  15 black mambas
  2 merfolk sirens
  2 torpor snails (Lair:6)
  13 naga magi
  A storm dragon simulacrum (Vaults:4)
  10 spiny frogs
  17 yaktaurs
  A freezing wraith (Vaults:2)
  4 komodo dragons
  4 rime drakes
  2 ice devils (Depths:2)
  3 trolls
  2 polar bears
  A merfolk (shapeshifter) (Vaults:5)
  10 merfolk
  A polar bear (shapeshifter) (Depths:2)
  2 hornets
  A meliai zombie (D:14)
  6 hippogriffs
  15 slime creatures
  10 blink frogs
  5 dream sheep (Lair:6)
  2 snapping turtles
  2 spriggans
  4 water elementals
  38 yaks
  A fire elemental (Lair:6)
  A wraith (D:11)
  A wyvern (D:11)
  2 basilisks (Lair:6)
  2 chaos spawn
  A fire bat (Lair:6)
  2 steam dragons (Lair:6)
  14 nagas
  A soldier ant (D:11)
  A neqoxec (Orc:2)
  A swamp worm (shapeshifter) (Depths:4)
  A warg (Orc:1)
  3 hell hounds (Depths:3)
  12 water moccasins
  13 orc warriors
  5 porcupines
  A sky beast (D:8)
  2 human zombies
  11 ogres
  10 wolves
  4 boggarts
  3 centaurs
  6 crocodiles
  2 big kobolds
  6 bullfrogs
  2 killer bees (D:10)
  6 wights
  2 crimson imps
  2 hounds
  2 orc priests (Orc:2)
  2 bullfrog skeletons
  An orc wizard (D:11)
  2 iguanas
  3 adders
  A leopard gecko (D:10)
  14 orcs
  5 kobolds
  A bush (Lair:1)
  A crawling corpse (Vaults:5)
  14 fungi
  41 plants
  A tentacle (Shoals:4)
793 creatures vanquished.

Vanquished Creatures (others)
  Saint Roka (Vaults:5)
  7 orc warlords
  A draconian scorcher (Zot:2)
  A frost giant (Vaults:2)
  2 white draconians (Zot:5)
  A yaktaur captain (Depths:5)
  A satyr (Shoals:2)
  3 orc high priests
  2 deep elf archers
  27 orc knights
  A wizard (Depths:3)
  A deep elf mage (Elf:1)
  3 orc sorcerers
  2 yaktaurs
  A komodo dragon (Lair:6)
  28 orc warriors
  Prince Ribbit (D:6)
  13 orc wizards
  27 orc priests
  84 orcs
  A fungus (Lair:6)
  8 plants
  53 tentacles
  2 withered plants (Shoals:3)
271 creatures vanquished.

Grand Total: 2638 creatures vanquished

Notes
Turn   | Place    | Note
-------+----------+-------------------------------------------
     0 | D:1      | MisterFreud the Hill Orc Monk began the quest for the Orb.
     0 | D:1      | Reached XP level 1. HP: 19/19 MP: 1/1
   287 | D:1      | Reached XP level 2. HP: 16/26 MP: 2/2
   486 | D:1      | Reached skill level 5 in Axes
  1212 | D:2      | Reached XP level 3. HP: 31/31 MP: 3/3
  1845 | D:2      | Reached XP level 4. HP: 33/39 MP: 4/4
  1933 | D:2      | Found a shadowy altar of Dithmenos.
  1964 | D:2      | Found a burning altar of Makhleb.
  2095 | D:2      | Found a shimmering altar of Xom.
  2095 | D:2      | Found a glowing golden altar of the Shining One.
  2151 | D:2      | Found a shattered altar of Ashenzari.
  2411 | D:3      | Found a white marble altar of Elyvilon.
  2730 | D:3      | Noticed Ijyb
  2777 | D:3      | Killed Ijyb
  2777 | D:3      | Reached XP level 5. HP: 42/45 MP: 5/5
  2800 | D:3      | Found a hide-covered altar of Uskayaw.
  2803 | D:3      | Noticed a phantom
  2831 | D:3      | Killed a phantom
  2831 | D:3      | Reached XP level 6. HP: 37/51 MP: 6/6
  3000 | D:3      | Noticed Sigmund
  3012 | D:3      | Killed Sigmund
  3038 | D:3      | Found a blossoming altar of Fedhas.
  3201 | D:3      | Found a snail-covered altar of Cheibriados.
  3424 | D:3      | Reached skill level 10 in Axes
  3424 | D:3      | Reached XP level 7. HP: 54/57 MP: 7/7
  3527 | D:4      | Found a faded altar of an unknown god.
  3527 | D:4      | Found a deep blue altar of Sif Muna.
  3532 | D:4      | Found an ancient bone altar of Kikubaaqudgha.
  3534 | D:4      | Found an iron altar of Okawaru.
  3536 | D:4      | Found a faded altar of an unknown god.
  4123 | D:4      | Noticed a hippogriff
  4130 | D:4      | Killed a hippogriff
  4130 | D:4      | Reached XP level 8. HP: 58/64 MP: 8/8
  4411 | D:5      | Entered Level 5 of the Dungeon
  4558 | D:5      | Reached skill level 5 in Fighting
  4592 | D:5      | Found Ripniati's Antique Weapon Shop.
  4605 | D:5      | Found a runed door.
  4625 | D:5      | Noticed RoseArtemis's ghost (amateur TrMo)
  4660 | D:5      | Found a runed door.
  4689 | D:5      | Got a pair of ichor-stained boots
  4700 | D:5      | Identified the +1 pair of boots "Qinn" {rPois} (You found
                  | it on level 5 of the Dungeon)
  5191 | D:6      | Reached XP level 9. HP: 42/81 MP: 9/9
  5489 | D:6      | Reached skill level 5 in Armour
  5505 | D:6      | Became a worshipper of Beogh the Brigand
  5505 | D:6      | Reached * piety under Beogh
  5505 | D:6      | Reached ** piety under Beogh
  5511 | D:6      | Noticed Prince Ribbit
  5514 | D:6      | Killed Prince Ribbit
  5910 | D:7      | Found a staircase to the Ecumenical Temple.
  5912 | D:7      | Got an opal-encrusted chain mail
  5927 | D:7      | Identified the cursed +1 chain mail of Xuutz {rCorr Str+2}
                  | (You found it on level 7 of the Dungeon)
  6549 | D:8      | Noticed a two-headed ogre
  6645 | D:8      | Reached *** piety under Beogh
  6725 | D:8      | Found a hazy altar of Hepliaklqana.
  6754 | D:8      | Killed a two-headed ogre
  6754 | D:8      | Reached skill level 10 in Armour
  6754 | D:8      | Reached XP level 10. HP: 75/88 MP: 10/10
  6775 | D:8      | Found an opulent altar of Gozag.
  6784 | D:8      | Found a flagged portal.
  6808 | Bailey   | Entered a bailey
  8002 | Bailey   | Noticed an orc knight
  8008 | Bailey   | Killed an orc knight
  8267 | D:8      | Found Jur Secs's Jewellery Boutique.
  8515 | D:8      | Reached **** piety under Beogh
  9035 | D:9      | Gained Bogward as an ally
  9114 | D:9      | Found Nigog's Magic Scroll Emporium.
  9146 | D:9      | Found Garrimoi's Food Emporium.
  9155 | D:9      | Bought a scroll of blinking for 112 gold pieces
  9155 | D:9      | Bought a scroll of teleportation for 45 gold pieces
  9155 | D:9      | Bought a scroll of teleportation for 45 gold pieces
  9155 | D:9      | Bought a scroll of teleportation for 45 gold pieces
  9379 | D:9      | Reached skill level 15 in Axes
  9435 | D:10     | Entered Level 10 of the Dungeon
  9435 | D:10     | Noticed Gastronok
  9446 | D:10     | Killed Gastronok
  9446 | D:10     | Reached XP level 11. HP: 48/94 MP: 11/11
  9512 | D:10     | Noticed Nergalle
  9519 | D:10     | Killed Nergalle
  9546 | D:10     | Reached skill level 1 in Shields
  9566 | D:10     | Found a staircase to the Lair.
  9720 | D:10     | Identified the +7 spear "Mauzecel" {flame, +Fly MR+ Int+2}
  9792 | D:10     | Reached ***** piety under Beogh
  9792 | D:10     | Reached skill level 5 in Shields
 10068 | D:10     | Noticed Erolcha
 10076 | D:10     | Killed Erolcha
 10378 | D:5      | Bought a runed broad axe for 203 gold pieces
 10493 | Lair:1   | Entered Level 1 of the Lair of Beasts
 10501 | Lair:1   | Noticed a lindwurm
 10813 | Lair:1   | Killed a lindwurm
 10813 | Lair:1   | Reached skill level 1 in Invocations
 10830 | Lair:1   | Reached skill level 1 in Evocations
 10976 | Lair:1   | Noticed a six-headed hydra
 10992 | Lair:1   | Killed an eight-headed hydra
 11103 | Lair:1   | Reached XP level 12. HP: 89/101 MP: 13/15
 11132 | Lair:1   | Reached skill level 10 in Shields
 11132 | Lair:1   | Gained Arbeogh as an ally
 11667 | Lair:2   | Noticed Urug
 11678 | Lair:2   | Killed Urug
 11776 | Lair:2   | Noticed a death yak
 11777 | Lair:2   | Got an encrusted hand crossbow
 11779 | Lair:2   | Noticed a death yak
 11779 | Lair:2   | Noticed a death yak
 11781 | Lair:2   | Noticed a death yak
 11782 | Lair:2   | Noticed a death yak
 11782 | Lair:2   | Killed a death yak
 11784 | Lair:2   | Noticed a death yak
 11787 | Lair:2   | Killed a death yak
 11790 | Lair:2   | Killed a death yak
 11791 | Lair:2   | Killed a death yak
 11792 | Lair:2   | Reached skill level 5 in Evocations
 11795 | Lair:2   | Killed a death yak
 11802 | Lair:2   | Killed a death yak
 11890 | Lair:2   | Noticed a seven-headed hydra
 11897 | Lair:2   | Killed a seven-headed hydra
 12353 | Lair:3   | Noticed a four-headed hydra
 12362 | Lair:3   | Killed a four-headed hydra
 12405 | Lair:3   | Found a staircase to the Snake Pit.
 12405 | Lair:3   | Noticed a six-headed hydra
 12422 | Lair:3   | Killed a six-headed hydra
 12423 | Lair:3   | Reached ****** piety under Beogh
 12453 | Lair:3   | Reached XP level 13. HP: 84/107 MP: 17/17
 12771 | Lair:3   | Found a staircase to the Shoals.
 13408 | Lair:4   | Gained Ugbert as an ally
 13729 | Lair:4   | Reached skill level 15 in Shields
 13730 | Lair:4   | Gained Wulfoc as an ally
 13990 | Lair:4   | Found a dark tunnel.
 14185 | Lair:5   | Noticed Rupert
 14199 | Lair:5   | Killed Rupert
 14361 | Lair:5   | Reached skill level 10 in Fighting
 14379 | Lair:5   | Found a viscous altar of Jiyva.
 14379 | Lair:5   | Found a staircase to the Slime Pits.
 14946 | Lair:6   | Entered Level 6 of the Lair of Beasts
 15232 | Lair:6   | Reached XP level 14. HP: 129/129 MP: 18/18
 15489 | Lair:6   | Gained Geork as an ally
 15599 | Lair:6   | Identified 2 scrolls of acquirement
 15618 | Lair:6   | Got a bronze scale mail
 15629 | Lair:6   | Identified the +4 scale mail of Qoclegua {rPois rF+ Regen+}
                  | (You acquired it on level 6 of the Lair of Beasts)
 16504 | D:11     | Noticed Harold
 16513 | D:11     | Killed Harold
 16710 | D:11     | Found a staircase to the Orcish Mines.
 17536 | D:12     | Reached skill level 15 in Fighting
 17552 | D:12     | Gained Milork as an ally
 17854 | D:13     | Found a frozen archway.
 17871 | IceCv    | Entered an ice cave
 19125 | D:14     | Reached XP level 15. HP: 143/143 MP: 10/19
 19475 | D:14     | Found a gate to the Vaults.
 19522 | D:14     | Noticed Azrael
 19553 | D:14     | Killed Azrael
 19976 | D:15     | Entered Level 15 of the Dungeon
 19989 | D:15     | Found Nofanges's Assorted Antiques.
 20063 | D:15     | Found Voffif's Book Emporium.
 20119 | D:15     | Found a staircase to the Depths.
 20428 | D:15     | Found Minofet's Antique Armour Shop.
 20451 | D:15     | Bought a pair of runed gloves for 195 gold pieces
 20581 | D:15     | Found Sevur's Armour Boutique.
 20911 | Orc:1    | Entered Level 1 of the Orcish Mines
 21039 | Orc:2    | Entered Level 2 of the Orcish Mines
 21040 | Orc:2    | Found Zadghud's Armour Shop.
 21124 | Orc:2    | Found a staircase to the Elven Halls.
 21276 | Orc:2    | Found Jugg's General Store.
 21277 | Orc:2    | Found Ruydoep's General Store.
 21328 | Orc:2    | Bought a potion of resistance for 180 gold pieces
 21524 | Orc:2    | Gained mutation: You are dopey. (Int -2) [a neqoxec]
 21534 | Orc:2    | Paralysed by an orc sorcerer for 6 turns
 21727 | Orc:2    | Found Anwiag's Book Shop.
 21727 | Orc:2    | Found Muti's Antique Armour Boutique.
 21727 | Orc:2    | Found a one-way gate leading to the halls of Pandemonium.
 21735 | Orc:2    | Bought a pair of glowing gloves for 202 gold pieces
 22199 | Orc:1    | Noticed Fannar
 22206 | Orc:1    | Killed Fannar
 22254 | Orc:1    | Gained Warbeogh as an ally
 22441 | Snake:1  | Entered Level 1 of the Snake Pit
 23010 | Snake:1  | Found Godghunaa's Jewellery Shop.
 23012 | Snake:1  | Found Uwkutal's Gadget Shoppe.
 23013 | Snake:1  | Found Holugoo's Jewellery Shop.
 23018 | Snake:1  | Bought the ring of Hul Vistree {rF+ rC+ rN+ Str+6} for 1060
                  | gold pieces
 23329 | Snake:1  | Reached XP level 16. HP: 146/157 MP: 20/20
 23485 | Snake:2  | Noticed a nagaraja
 23492 | Snake:2  | Killed a nagaraja
 23506 | Snake:2  | Noticed Vashnia
 23509 | Snake:2  | Reached skill level 15 in Armour
 23516 | Snake:2  | Killed Vashnia
 23601 | Snake:2  | Gained Bogbarth as an ally
 23938 | Snake:2  | Identified the cursed +0 large shield of Disguise {rN+
                  | Dex+2 Stlth+}
 23938 | Snake:2  | Noticed Louise
 23948 | Snake:2  | Killed Louise
 24079 | Snake:2  | Noticed a nagaraja
 24090 | Snake:2  | Killed a nagaraja
 24293 | Snake:3  | Found a stormy altar of Qazlal.
 24386 | Snake:3  | Gained Urtork as an ally
 25257 | Snake:4  | Entered Level 4 of the Snake Pit
 25435 | Snake:4  | Noticed a nagaraja
 25442 | Snake:4  | Noticed a nagaraja
 25444 | Snake:4  | Killed a nagaraja
 25446 | Snake:4  | Noticed a nagaraja
 25455 | Snake:4  | Noticed a nagaraja
 25466 | Snake:4  | Your ally Urtork died
 25474 | Snake:4  | Gained Arkwar as an ally
 25563 | Snake:4  | Killed a nagaraja
 25571 | Snake:4  | Killed a nagaraja
 25579 | Snake:4  | Noticed a nagaraja
 25580 | Snake:4  | Reached XP level 17. HP: 127/170 MP: 21/21
 25600 | Snake:4  | Gained Syrus as an ally
 25699 | Snake:4  | Got a serpentine rune of Zot
 25894 | Snake:4  | Your ally Geork died
 25909 | Snake:4  | Found Eriusm's Distillery.
 25917 | Snake:4  | Bought a potion of heal wounds for 80 gold pieces
 26510 | Shoals:1 | Entered Level 1 of the Shoals
 27262 | Shoals:2 | Noticed Polyphemus
 27290 | Shoals:2 | Killed Polyphemus
 27409 | Shoals:2 | Noticed Ilsuiw
 27429 | Shoals:2 | Killed Ilsuiw
 27465 | Shoals:2 | Found Abiliaqa's General Store.
 27475 | Shoals:2 | Bought a potion of heal wounds for 90 gold pieces
 27932 | Shoals:3 | Reached XP level 18. HP: 178/178 MP: 22/22
 27993 | Shoals:3 | Found a runed gate.
 27993 | Shoals:3 | Found a runed gate.
 27993 | Shoals:3 | Found a runed gate.
 27993 | Shoals:3 | Noticed Meogodd's ghost (adept GnTm)
 27993 | Shoals:3 | Noticed Lisos's ghost (adept DEWz)
 27994 | Shoals:3 | Noticed Seukawalui's ghost (adept DEWz)
 27994 | Shoals:3 | Noticed Rijenev's ghost (journeyman MiFi)
 28275 | Shoals:3 | Got a glittering amethyst amulet
 28276 | Shoals:3 | Identified the amulet "Etaekk" {Reflect +Inv MP+9 Slay-3
                  | SH+6} (You found it on level 3 of the Shoals)
 28484 | Shoals:4 | Entered Level 4 of the Shoals
 28500 | Shoals:4 | Your ally Ugbert died
 28677 | Shoals:4 | Got a barnacled rune of Zot
 28790 | Shoals:4 | Got a pitted lead ring
 28791 | Shoals:4 | Identified the ring of the Madman {Str+2 Int+4 Dex+4 SInv}
                  | (You found it on level 4 of the Shoals)
 28962 | Shoals:4 | Got a translucent copper ring
 28963 | Shoals:4 | Identified the ring "Gorukk" {rF+ rN+ MR- AC+3 Int+2} (You
                  | found it on level 4 of the Shoals)
 29011 | Shoals:4 | Gained Arkwar as an ally
 29901 | Vaults:1 | Entered Level 1 of the Vaults
 30139 | Snake:1  | Bought an uncursed ring of protection from magic for 325
                  | gold pieces
 30389 | Vaults:1 | Gained Morguth as an ally
 31469 | Vaults:2 | Reached XP level 19. HP: 185/185 MP: 23/23
 31561 | Vaults:2 | Found Rohoiw's Antique Weapon Boutique.
 31687 | Vaults:2 | Found a staircase to the Crypt.
 32071 | Vaults:2 | Noticed Margery
 32099 | Vaults:2 | Your ally Morguth died
 32104 | Vaults:2 | Killed Margery
 32116 | Vaults:2 | Gained Bogrim as an ally
 32124 | Vaults:2 | Gained Milork as an ally
 32301 | Vaults:2 | Your ally Milork died
 32881 | Vaults:3 | Gained Oreg as an ally
 33191 | Vaults:3 | Reached XP level 20. HP: 193/193 MP: 24/24
 33408 | Vaults:3 | Gained Nordag as an ally
 34026 | Vaults:4 | Noticed Sojobo
 34043 | Vaults:4 | Killed Sojobo
 34043 | Vaults:4 | Your ally Bogrim died
 34050 | Vaults:4 | Noticed Mara
 34052 | Vaults:4 | Killed Mara
 34273 | Vaults:4 | Found Lottat's Antique Weapon Shop.
 34703 | Vaults:4 | Found a runed gate.
 34703 | Vaults:4 | Found a runed gate.
 34703 | Vaults:4 | Found a runed gate.
 35033 | Depths:1 | Entered Level 1 of the Depths
 35042 | Depths:1 | Your ally Arkwar died
 35088 | Depths:1 | Noticed a lich
 35108 | Depths:1 | Your ally Oreg died
 35109 | Depths:1 | Your ally Milork died
 35117 | Depths:1 | Your ally Warbeogh died
 35127 | Depths:1 | Your ally Nordag died
 35128 | Depths:1 | Your ally Arkwar died
 35130 | Depths:1 | Gained Zartorak as an ally
 35130 | Depths:1 | Reached XP level 21. HP: 168/201 MP: 25/25
 35135 | Depths:1 | Your ally Wulfoc died
 35135 | Depths:1 | Your ally Syrus died
 35159 | Depths:1 | Your ally Bogward died
 35163 | Depths:1 | Your ally Bogbarth died
 35479 | Depths:1 | Found Wypp's Jewellery Emporium.
 35711 | Depths:1 | Found a gateway to Hell.
 35881 | Depths:1 | Found Suffiunk's Changing Room.
 35994 | Depths:1 | Got a twisted battleaxe
 35995 | Depths:1 | Identified the +5 battleaxe "Zienno" {freeze, rElec Int+4
                  | Dex+2} (You found it on level 1 of the Depths)
 36855 | Depths:2 | Gained Ortolf as an ally
 37702 | Depths:3 | Reached XP level 22. HP: 209/209 MP: 26/26
 38630 | Depths:4 | Found a gateway to a ziggurat.
 38786 | Depths:4 | Noticed Boris
 38791 | Depths:4 | Killed Boris
 38815 | Depths:4 | Your ally Zartorak died
 38931 | Depths:4 | Noticed a juggernaut
 38949 | Depths:4 | Killed a juggernaut
 38949 | Depths:4 | Noticed a caustic shrike
 38955 | Depths:4 | Reached skill level 27 in Axes
 38961 | Depths:4 | Killed a caustic shrike
 38968 | Depths:4 | Noticed a golden dragon
 39072 | Depths:4 | Killed a golden dragon
 39082 | Depths:4 | Your ally Zartorak died
 39832 | Vaults:5 | Entered Level 5 of the Vaults
 39870 | Vaults:5 | Noticed Saint Roka
 39880 | Vaults:5 | Reached XP level 23. HP: 193/220 MP: 27/27
 39892 | Vaults:5 | Your ally died
 39892 | Vaults:5 | Noticed a golden dragon
 39900 | Vaults:5 | Killed a golden dragon
 39973 | Vaults:5 | Noticed an ancient lich
 39982 | Vaults:5 | Killed an ancient lich
 40087 | Vaults:5 | Found Etuibee's Magic Scroll Shoppe.
 40101 | Vaults:5 | Got a brightly glowing lead ring
 40102 | Vaults:5 | Identified the ring "Soexzintyh" {rF+ SInv Stlth+} (You
                  | found it on level 5 of the Vaults)
 40308 | Vaults:5 | Got a silver rune of Zot
 40670 | Snake:1  | Bought a +5 amulet of reflection for 535 gold pieces
 40856 | Shoals:3 | Killed Lisos's ghost
 40869 | Shoals:3 | Killed Rijenev's ghost
 40873 | Shoals:3 | Killed Meogodd's ghost
 40874 | Shoals:3 | Killed Seukawalui's ghost
 40934 | Shoals:3 | Got a spiked ring mail
 40995 | Shoals:2 | Found a runed door.
 41214 | D:5      | Killed RoseArtemis's ghost
 41461 | Shoals:2 | Noticed Inuluch's ghost (adept MfBe)
 41475 | Shoals:2 | Killed Inuluch's ghost
 42467 | Vaults:5 | Reached XP level 24. HP: 200/238 MP: 27/27
 42763 | Vaults:5 | Found Linwu's Magic Scroll Boutique.
 42767 | Vaults:5 | Bought a scroll of blinking for 105 gold pieces
 42824 | Vaults:5 | Found Kuloura's Magic Scroll Shoppe.
 42828 | Vaults:5 | Bought a scroll of blinking for 105 gold pieces
 42842 | Vaults:5 | Found Ephihin's Magic Scroll Shop.
 43376 | Elf:1    | Entered Level 1 of the Elven Halls
 43390 | Elf:1    | Found Sevur's Weapon Emporium.
 44563 | Elf:2    | Found Waqaf's Distillery.
 44566 | Elf:2    | Bought a potion of heal wounds for 95 gold pieces
 44579 | Elf:2    | Gained Bogdar as an ally
 44759 | Elf:2    | Found a runed gate.
 44759 | Elf:2    | Found a runed gate.
 44760 | Elf:2    | Found a runed gate.
 45058 | Elf:2    | Gained Arbeogh as an ally
 45713 | Elf:1    | Bought the +5 demon whip "Spellbinder" {antimagic, MR+} for
                  | 1073 gold pieces
 45713 | Elf:1    | Found the +5 demon whip "Spellbinder" {antimagic, MR+}
 46077 | Depths:4 | Identified the +5 scimitar of Sucopt {slice, rElec rF+}
 46242 | Depths:4 | Found a one-way gate to the infinite horrors of the Abyss.
 46273 | Depths:4 | Identified the +6 faerie dragon scales {rElec rF+++ rC-
                  | rCorr MP+10 Str+2 Dex+2}
 46273 | Depths:4 | Noticed the Enchantress
 46292 | Depths:4 | Killed the Enchantress
 46292 | Depths:4 | Reached skill level 27 in Fighting
 46292 | Depths:4 | Reached XP level 25. HP: 253/257 MP: 27/27
 46803 | Depths:5 | Entered Level 5 of the Depths
 46880 | Depths:5 | Gained Orik as an ally
 47152 | Depths:5 | Noticed Jory
 47183 | Depths:5 | Killed Jory
 47405 | Depths:5 | Found a gate to the Realm of Zot.
 47642 | Zot:1    | Entered Level 1 of the Realm of Zot
 47840 | Zot:1    | Your ally Orik died
 48459 | Zot:2    | Your ally Bogdar died
 48558 | Zot:2    | Your ally Arbeogh died
 48573 | Zot:2    | Reached XP level 26. HP: 266/266 MP: 27/27
 51260 | Zot:5    | Entered Level 5 of the Realm of Zot
 51556 | Zot:5    | Reached XP level 27. HP: 266/273 MP: 27/27
 51583 | Zot:5    | Your ally Arbeogh died
 51876 | Zot:5    | Your ally Ortolf died
 52069 | Zot:5    | Noticed an ancient lich
 52075 | Zot:5    | Noticed an orb of fire
 52076 | Zot:5    | Noticed an orb of fire
 52077 | Zot:5    | Noticed an ancient lich
 52079 | Zot:5    | Noticed an ancient lich
 52087 | Zot:5    | Killed an ancient lich
 52090 | Zot:5    | Noticed an ancient lich
 52097 | Zot:5    | Gained mutation: Your body sometimes deteriorates upon
                  | taking damage. [an orb of fire]
 52098 | Zot:5    | Gained mutation: Armour fits poorly on your strangely
                  | shaped body. [an orb of fire]
 52124 | Zot:5    | Noticed an ancient lich
 52135 | Zot:5    | Killed an ancient lich
 52154 | Zot:5    | Your ally Ortolf died
 52163 | Zot:5    | Your ally Arbeogh died
 52166 | Zot:5    | Killed an ancient lich
 52529 | Zot:5    | Killed an ancient lich
 52531 | Zot:5    | Lost mutation: Armour fits poorly on your strangely shaped
                  | body. [an orb of fire]
 52537 | Zot:5    | Gained mutation: Your magical capacity is low. (-10% MP)
                  | [an orb of fire]
 52538 | Zot:5    | Killed an orb of fire
 52619 | Zot:5    | Noticed an orb of fire
 52625 | Zot:5    | Gained mutation: Your muscles are strong. (Str +2) [an orb
                  | of fire]
 52642 | Zot:5    | Killed an orb of fire
 52684 | Zot:5    | Killed an ancient lich
 52748 | Zot:5    | Gained mutation: Your spells are a little easier to cast,
                  | but a little less powerful. [an orb of fire]
 52750 | Zot:5    | Killed an orb of fire
 52791 | Zot:5    | Lost mutation: Your muscles are strong. (Str +2) [potion of
                  | mutation]
 52791 | Zot:5    | Lost mutation: Your spells are a little easier to cast, but
                  | a little less powerful. [potion of mutation]
 52791 | Zot:5    | Lost mutation: You are dopey. (Int -2) [potion of mutation]
 52791 | Zot:5    | Gained mutation: You are partially covered in slimy green
                  | scales. (AC +2) [potion of mutation]
 52791 | Zot:5    | Gained mutation: You tend to lose your temper in combat.
                  | [potion of mutation]
 52791 | Zot:5    | Gained mutation: You are resistant to electric shocks.
                  | (rElec) [potion of mutation]
 52791 | Zot:5    | Gained mutation: Your flesh is cold resistant. (rC+)
                  | [potion of mutation]
 52792 | Zot:5    | Lost mutation: You are partially covered in slimy green
                  | scales. (AC +2) [potion of mutation]
 52792 | Zot:5    | Lost mutation: Your magical capacity is low. (-10% MP)
                  | [potion of mutation]
 52792 | Zot:5    | Lost mutation: You are resistant to electric shocks.
                  | (rElec) [potion of mutation]
 52792 | Zot:5    | Gained mutation: You have a somewhat thin skeletal
                  | structure. (Dex +2, Stealth) [potion of mutation]
 52792 | Zot:5    | Gained mutation: You are robust. (+10% HP) [potion of
                  | mutation]
 52792 | Zot:5    | Gained mutation: You can translocate small distances at
                  | will. [potion of mutation]
 52793 | Zot:5    | Lost mutation: You are robust. (+10% HP) [potion of
                  | mutation]
 52793 | Zot:5    | Lost mutation: You tend to lose your temper in combat.
                  | [potion of mutation]
 52793 | Zot:5    | Lost mutation: You can translocate small distances at will.
                  | [potion of mutation]
 52793 | Zot:5    | Gained mutation: You passively map a small area around you.
                  | [potion of mutation]
 52793 | Zot:5    | Gained mutation: Scrolls take you a little longer to read.
                  | [potion of mutation]
 52793 | Zot:5    | Gained mutation: You are partially covered in large bone
                  | plates. (SH +4) [potion of mutation]
 52844 | Zot:5    | Noticed an ancient lich
 52852 | Zot:5    | Killed an ancient lich
 52933 | Zot:5    | Noticed an ancient lich
 52951 | Zot:5    | Reached skill level 27 in Armour
 52957 | Zot:5    | Killed an ancient lich
 52969 | Zot:5    | Got a flickering iron ring
 52972 | Zot:5    | Identified the ring "Diuddit" {rPois rN+} (You found it on
                  | level 5 of the Realm of Zot)
 53069 | Zot:5    | Noticed an orb of fire
 53074 | Zot:5    | Gained mutation: You tend to lose your temper in combat.
                  | [an orb of fire]
 53087 | Zot:5    | Killed an orb of fire
 53190 | Zot:5    | Got the Orb of Zot
 53254 | Zot:5    | Lost mutation: Scrolls take you a little longer to read.
                  | [potion of mutation]
 53254 | Zot:5    | Lost mutation: You are partially covered in large bone
                  | plates. (SH +4) [potion of mutation]
 53254 | Zot:5    | Lost mutation: Your body sometimes deteriorates upon taking
                  | damage. [potion of mutation]
 53254 | Zot:5    | Lost mutation: You tend to lose your temper in combat.
                  | [potion of mutation]
 53254 | Zot:5    | Gained mutation: You have sharp toenails. [potion of
                  | mutation]
 53254 | Zot:5    | Gained mutation: Your flesh is very cold resistant. (rC++)
                  | [potion of mutation]
 53254 | Zot:5    | Gained mutation: Your natural rate of healing is unusually
                  | fast. [potion of mutation]
 53376 | Zot:4    | Noticed Ciddo the pandemonium lord
 53401 | Zot:4    | Killed Ciddo the pandemonium lord
 53406 | Zot:4    | Gained Learuk as an ally
 53411 | Zot:4    | Noticed Ycoskia the pandemonium lord
 53414 | Zot:4    | Your ally Learuk died
 53678 | Depths:1 | Noticed Xyvas the pandemonium lord
 53711 | Depths:1 | Killed Xyvas the pandemonium lord
 53854 | D:10     | Noticed Kugh the pandemonium lord
 53922 | D:7      | Noticed Wauschan the pandemonium lord
 54057 | D:$      | Escaped with the Orb!

Vault maps used:
D:1:      dpeg_arrival_simpleton_b
D:2:      lemuel_round_altar, nicolae_overflow_hidden_temple, old_standard_altar
D:3:      eat_drink_and_be_merry_uskayaw, overflow_temple_1_default,
          marbit_many_paths, amethyst_killhole, elyvilon_altar_1, uniq_sigmund,
          uniq_ijyb
D:4:      chequers_temple_overflow_minitemple
D:5:      first_ration, ebering_ghost_sewer_f, serial_shops, shop,
          chequers_serial_rivers_small_3
D:6:      uniq_prince_ribbit1
D:7:      minmay_temple_entry_mini_moons
D:8:      kennysheep_six_static_rooms, overflow_temple_1_default, serial_shops,
          shop_fountains, basic_altar, enter_bailey_3
D:9:      serial_shops, shop, shop, uniq_erolcha
D:10:     david_lair_shrubbed, grunt_pizzeria, uniq_nergalle, uniq_gastronok
D:11:     erik_orc_1, uniq_harold
D:12:     grunt_ministairs_11
D:13:     portal_ice_cave_entry_pillars_1, serial_park_tiny_pond, st_stairs_10
D:14:     ximxim_vaults_locker_room, grunt_decor_cap, uniq_azrael
D:15:     hangedman_depths_entry_civil_slaughter, serial_shops,
          nicolae_shop_trees, shop_fountains, shop_coins, shop,
          minmay_misc_feat_iff
Lair:1:   serial_forest, infiniplex_forest_lined_room_2,
          infiniplex_forest_clump_double, infiniplex_forest_pool,
          infiniplex_forest_lined_2, fungi_pond_lemuel, beast_lair_carwin_10
Lair:2:   uniq_urug
Lair:3:   minmay_shoals_entry_hut, minmay_snake_entry_six_corridors,
          st_stairs_8, beast_lair_carwin_11, infiniplex_staircase_pool_2,
          minmay_lair_oklob_chamber
Lair:4:   lightli_volcano_entry_magma_tube
Lair:5:   slime_altar_1, kennysheep_catoblepas_arena, grunt_megastairs_3,
          uniq_rupert
Lair:6:   hangedman_lair_in_review, guppyfry_lair_end_dragon
Shoals:2: ebering_ghost_inner_flame, serial_shops,
          nicolae_shop_temple_entry_statues_fountains, uniq_polyphemus,
          uniq_ilsuiw
Shoals:3: gammafunk_ghost_cemetery, nicolae_shoals_water_shrine
Shoals:4: shoals_end_grunt_ice, nicolae_shoals_kraken_party
Snake:1:  grunt_ministairs_9, minmay_snake_pond, minmay_shop_grove
Snake:2:  nrook_loot_triangle, grunt_ministairs_4, spider_trap,
          nicolae_large_snake_swirl, serial_bayou_shore_b, uniq_louise,
          uniq_vashnia
Snake:3:  basic_altar, lemuel_fruit_tree
Snake:4:  snake_pit, serial_shops, nicolae_shop_trees
Orc:1:    serial_shops, uniq_fannar
Orc:2:    pf_orc_diabolical, serial_shops, shop
Elf:1:    serial_shops, shop, evilmike_minifort
Elf:2:    serial_shops, nicolae_shop_behind_doors
Vaults:1: nicolae_vaults_hallways_thing, v_misc_12, v_misc_22,
          vaults_room_semicircle, vaults_mumra_minichess,
          ontoclasm_vaults_decontamination, ontoclasm_vaults_fault
Vaults:2: v_misc_4, st_octagons_1, v_misc_1, nicolae_vaults_disjoint_gnomons,
          minmay_crypt_entry_simple_walls, v_rooms_2,
          nicolae_vaults_twisting_passages, vaults_room_fours,
          vaults_room_mumra_shop_pool, nicolae_vaults_little_squares_3,
          uniq_margery
Vaults:3: hangedman_vaults_capsules, nicolae_vaults_asterisk,
          nicolae_vaults_sealed_display, st_squares, ontoclasm_vaults_hangar,
          hangedman_vaults_impose, nicolae_vaults_circle_grid_b,
          nicolae_vaults_what_the_h, vaults_room_hallway, v_misc_14, v_rooms_5,
          hangedman_vaults_stretched_pinwheel, nicolae_vaults_ring_of_whatevers,
          vaults_room_door_hall, nicolae_vaults_little_squares_3,
          vaults_mumra_hexcomb, nicolae_vaults_theta
Vaults:4: ploomutoo_gammafunk_vaults_potion_laboratory, v_misc_3,
          v_alt_pattern_6, v_rooms_6, hangedman_vaults_stagger,
          grunt_vaults_swirl, nicolae_vaults_yaktaur_gun_rack,
          ontoclasm_vaults_ring_small, ontoclasm_vaults_ligature, serial_shops,
          nicolae_shop_temple_entry_statues_fountains, uniq_sojobo, uniq_mara
Vaults:5: uniq_saint_roka
Depths:1: serial_shops, nicolae_shop_crystal, minmay_misc_feat_nine_boxes,
          grunt_hell_entry_dis_mu, minmay_misc_feat_cross, grunt_ministairs_6,
          nicolae_transmutations_shop, minmay_liquid_box, minmay_starry_boxes
Depths:2: minmay_the_grid_square_5x5_3x3, hell_entry, rand_demon_pan_entry_4,
          chequers_serial_rivers_large_a, minmay_fractal_squares_diagonal_5
Depths:3: minmay_isolated_rectangles_in_corner, chequers_serial_rivers_marsh,
          grunt_hell_horde, pan_entry, nrook_pool_corridor,
          minmay_hollow_rounded_squares
Depths:4: minmay_heptahexagon, enter_ziggurat_b, pan_entry, serial_shops,
          bzr_firewalk, abyss_entry, nicolae_twisting_strands, hell_entry,
          kennysheep_generic_room_6, serial_bayou_shore_b, uniq_enchantress,
          uniq_boris
Depths:5: grunt_zot_entry_hairpin, hangedman_abyss_or_decor_lesser_grid,
          hell_entry, uniq_jory
Zot:1:    st_stairs_4, grunt_ministairs_12, grunt_megastairs_5
Zot:2:    nicolae_zot_stationary_front, lemuel_elevator, basic_stair_grate_trap
Zot:3:    cheibrodos_zot_enchanting_chambers
Zot:4:    lemuel_elevator
Bailey:   bailey_polearm_2, bailey
IceCv:    ice_cave_tombish

Skill      XL: |  1  2  3  4  5  6  7  8  9 10 11 12 13 14 15 16 17 18 19 20 21 22 23 24 25 26 27 |
---------------+----------------------------------------------------------------------------------+-----
Axes           | 5 6 7 8 10 11 12 15 16 17 18 21 24 27 | 27.0
Fighting       | 8 13 15 17 20 21 24 27 | 27.0
Armour         | 2 10 12 14 16 20 23 27 | 27.0
Shields        | 9 13 15 20 22 24 25 26 | 26.4
Invocations    | 4 |  4.1
Evocations     | 3 6 |  6.0
Dodging        | |  2.4
Stealth        | |  1.5

Action                   |  1- 3 |  4- 6 |  7- 9 | 10-12 | 13-15 | 16-18 | 19-21 | 22-24 | 25-27 || total
-------------------------+-------+-------+-------+-------+-------+-------+-------+-------+-------++-------
Melee: Hand axe          |   141 |    37 |       |       |       |       |       |       |       ||   178
       Battleaxe         |       |   101 |   284 |   196 |       |       |       |       |       ||   581
       Broad axe         |       |       |       |   181 |   909 |   953 |  1093 |  1034 |  1156 ||  5326
Throw: Stone             |       |     2 |       |       |       |       |       |       |       ||     2
       Tomahawk          |       |       |    17 |       |       |       |       |       |       ||    17
       Throwing net      |       |       |     1 |     1 |       |       |       |       |       ||     2
Invok: Convert to Beogh  |       |       |     1 |       |       |       |       |       |       ||     1
       Recall Orcish Fol |       |       |       |     2 |     2 |     3 |     4 |     8 |     6 ||    25
       Stop Recall       |       |       |       |       |     2 |     2 |     2 |       |       ||     6
       Smiting           |       |       |       |       |       |     2 |       |       |       ||     2
       Resurrection      |       |       |       |       |       |       |     2 |     1 |     2 ||     5
       Give Item to Name |       |       |       |       |       |       |       |     1 |       ||     1
Evoke: Wand              |       |       |       |     5 |     2 |     4 |       |     3 |     3 ||    17
  Use: Scroll            |     9 |     3 |     3 |    11 |    19 |    10 |     3 |     9 |    21 ||    88
       Potion            |       |       |       |     5 |       |     4 |     3 |     5 |    17 ||    34
 Stab: Sleeping          |     2 |     3 |     2 |       |       |       |       |       |       ||     7
       Distracted        |       |       |       |     5 |     7 |    11 |     8 |    10 |    12 ||    53
       Paralysed         |       |       |       |       |     3 |       |       |       |       ||     3
       Petrified         |       |       |       |       |       |     4 |       |       |       ||     4
       Petrifying        |       |       |       |       |       |     1 |       |       |       ||     1
       Held in net/web   |       |       |       |       |       |       |       |       |     2 ||     2
  Eat: Chunk             |     3 |     5 |    11 |    15 |    30 |    23 |    22 |    15 |    11 ||   135
       Ration            |       |       |       |     3 |     1 |     1 |       |     4 |     4 ||    13
Armor: Robe              |    17 |       |       |       |       |       |       |       |       ||    17
       Leather armour    |    27 |    49 |    19 |       |       |       |       |       |       ||    95
       Scale mail        |       |       |    80 |       |       |       |       |       |       ||    80
       Chain mail        |       |       |    25 |   209 |    67 |       |       |       |       ||   301
       Crystal plate arm |       |       |       |       |   302 |   439 |   269 |    78 |       ||  1088
       Gold dragon scale |       |       |       |       |       |       |       |   169 |   370 ||   539
Dodge: Dodged            |    82 |    68 |   134 |   153 |   183 |   225 |   111 |   104 |   171 ||  1231
Block: Shield            |       |       |       |    82 |   446 |     9 |       |       |       ||   537
       Large shield      |       |       |       |       |       |  1258 |  1029 |  1026 |  1376 ||  4689
       Reflection        |       |       |       |       |       |       |       |    64 |    21 ||    85

Table legend:
 A = Non-vault XP
 B = Vault XP
 C = Vault XP percentage of total XP
 D = Non-vault monster count
 E = Vault monster count
 F = Vault count percentage of total count
                 A         B        C        D         E       F
            +---------+---------+-------+---------+---------+-------
      Total |  725189 |  761027 |  51.2 |    1467 |     797 |  35.2
            +---------+---------+-------+---------+---------+-------
        D:1 |      27 |       0 |   0.0 |      14 |       0 |   0.0
        D:2 |      77 |       0 |   0.0 |      28 |       0 |   0.0
        D:3 |     222 |     263 |  54.2 |      19 |       3 |  13.6
        D:4 |     725 |       0 |   0.0 |      23 |       0 |   0.0
        D:5 |     850 |     446 |  34.4 |      18 |       5 |  21.7
        D:6 |    1194 |       0 |   0.0 |      28 |       0 |   0.0
        D:7 |     687 |       0 |   0.0 |      20 |       0 |   0.0
        D:8 |    1846 |     371 |  16.7 |      27 |       9 |  25.0
        D:9 |    1522 |       0 |   0.0 |      33 |       0 |   0.0
       D:10 |    1795 |    3177 |  63.9 |      31 |       5 |  13.9
       D:11 |    2010 |     743 |  27.0 |      20 |       7 |  25.9
       D:12 |    4425 |     733 |  14.2 |      36 |       2 |   5.3
       D:13 |    4203 |    1329 |  24.0 |      17 |       3 |  15.0
       D:14 |    6584 |    8574 |  56.6 |      22 |      20 |  47.6
       D:15 |    3545 |    4378 |  55.3 |      11 |       6 |  35.3
     Lair:1 |    4932 |    1261 |  20.4 |      25 |       9 |  26.5
     Lair:2 |    7500 |     573 |   7.1 |      28 |       1 |   3.4
     Lair:3 |    3367 |    2408 |  41.7 |      20 |      20 |  50.0
     Lair:4 |    3357 |       0 |   0.0 |      21 |       0 |   0.0
     Lair:5 |    4811 |    1840 |  27.7 |      25 |       3 |  10.7
     Lair:6 |   12921 |    9896 |  43.4 |      61 |      34 |  35.8
   Shoals:1 |   11998 |       0 |   0.0 |      27 |       0 |   0.0
   Shoals:2 |   13622 |   10869 |  44.4 |      34 |      12 |  26.1
   Shoals:3 |   18273 |   11393 |  38.4 |      35 |      12 |  25.5
   Shoals:4 |    9483 |   25262 |  72.7 |      21 |      32 |  60.4
    Snake:1 |   11865 |     676 |   5.4 |      30 |       8 |  21.1
    Snake:2 |   13053 |    6863 |  34.5 |      28 |       8 |  22.2
    Snake:3 |    7846 |       0 |   0.0 |      17 |       0 |   0.0
    Snake:4 |   21862 |   24374 |  52.7 |      55 |      47 |  46.1
      Orc:1 |    1149 |     947 |  45.2 |       7 |       1 |  12.5
      Orc:2 |    1094 |    6826 |  86.2 |      16 |      26 |  61.9
      Elf:1 |   25341 |    6816 |  21.2 |      42 |      14 |  25.0
      Elf:2 |   18212 |   18248 |  50.0 |      31 |      28 |  47.5
   Vaults:1 |   17443 |    2614 |  13.0 |      45 |       5 |  10.0
   Vaults:2 |   18094 |   41530 |  69.7 |      30 |      49 |  62.0
   Vaults:3 |   28951 |   20850 |  41.9 |      47 |      29 |  38.2
   Vaults:4 |   13027 |   26656 |  67.2 |      22 |      30 |  57.7
   Vaults:5 |   31504 |  120583 |  79.3 |      52 |      99 |  65.6
   Depths:1 |   30836 |   12956 |  29.6 |      69 |      18 |  20.7
   Depths:2 |   49890 |   27866 |  35.8 |      75 |      29 |  27.9
   Depths:3 |   30043 |   23840 |  44.2 |      47 |      32 |  40.5
   Depths:4 |   28016 |   71670 |  71.9 |      33 |      49 |  59.8
   Depths:5 |   17849 |   24962 |  58.3 |      17 |      17 |  50.0
      Zot:1 |   57474 |   13150 |  18.6 |      37 |       8 |  17.8
      Zot:2 |   35279 |    9067 |  20.4 |      26 |       8 |  23.5
      Zot:3 |   39876 |   46426 |  53.8 |      26 |      32 |  55.2
      Zot:4 |   29521 |       0 |   0.0 |      20 |       0 |   0.0
      Zot:5 |   76988 |  164392 |  68.1 |      51 |      41 |  44.6
     Bailey |       0 |    1254 | 100.0 |       0 |      14 | 100.0
      IceCv |       0 |    4945 | 100.0 |       0 |      22 | 100.0
            +---------+---------+-------+---------+---------+-------
